MLB
SAN DIEGO PADRES @ COLORADO ROCKIES
09/15/2026
 
TOP OF THE 1ST
San Diego Padres batting - Pitching for Colorado Rockies : RHP John Gant
Pitching: RHP John Gant
Batting: LHB Jamal Underwood 0-0: Called Strike
0-1: Foul Ball, location: 2LF
0-2: Foul Ball, location: 9LDF
0-2: Ball
1-2: Strikes out swinging
Batting: RHB Greg Nelson 0-0: Called Strike
0-1: Foul Ball, location: 25F
0-2: Fly out, F9 (Flyball, 9, EV 73 MPH)
Batting: SHB Tim McDaniel 0-0: Ball
1-0: Foul Ball, location: 2F
1-1: Ball
2-1: Foul Ball, location: 25FF
2-2: Foul Ball, location: 7LMF
2-2: Foul Ball, location: 3FF
2-2: Ball
3-2: Base on Balls
Batting: LHB Jeff Young 0-0: Ball
1-0: Ball
2-0: Foul Ball, location: 9LDF
2-1: Ball
3-1: Ground out 4-3 (Groundball, 4, EV 94 MPH)
Top of the 1st over - 0 runs, 0 hits, 0 errors, 1 left on base; San Diego 0 - Colorado 0
BOTTOM OF THE 1ST
Colorado Rockies batting - Pitching for San Diego Padres : RHP Mayky Perez
Pitching: RHP Mayky Perez
Batting: SHB Juan Moreno 0-0: Fly out, F5 (Popup, 5F, EV 57 MPH)
Batting: RHB Joe Hill 0-0: Called Strike
0-1: SINGLE (Groundball, 5D, EV 78 MPH)
Batting: RHB Christian Walker 0-0: Called Strike
0-1: Ball
1-1: Grounds into double play, 3-6-3 (Groundball, 3S, EV 83 MPH)
Bottom of the 1st over - 0 runs, 1 hit, 0 errors, 0 left on base; San Diego 0 - Colorado 0
TOP OF THE 2ND
San Diego Padres batting - Pitching for Colorado Rockies : RHP John Gant
Batting: RHB C.J. Cron 0-0: Called Strike
0-1: Ball
1-1: Swinging Strike
1-2: Ball
2-2: Ball
3-2: Base on Balls
Batting: LHB Jonathan Arauz 0-0: Ball
1-0: Ball
2-0: Sac Bunt to 5S - play at first, batter OUT! 5-4
C.J. Cron to second
Batting: RHB Jorge Zaragoza 0-0: Called Strike
0-1: Ball
1-1: Called Strike
1-2: Ball
2-2: Strikes out swinging
Batting: SHB Nelson Jorge 0-0: Fly out, F3 (Popup, 3SF, EV 52 MPH)
Top of the 2nd over - 0 runs, 0 hits, 0 errors, 1 left on base; San Diego 0 - Colorado 0
BOTTOM OF THE 2ND
Colorado Rockies batting - Pitching for San Diego Padres : RHP Mayky Perez
Batting: LHB Rowdy Tellez 0-0: SINGLE (Line Drive, 8LS, EV 95 MPH)
Batting: LHB Tony Parker 0-0: Ball
1-0: Called Strike
1-1: Foul Ball, location: 5SF
1-2: Ball
2-2: Strikes out swinging
Batting: RHB Bob Bowen 0-0: Called Strike
0-1: Foul Ball, location: 2F
0-2: Ground out 6-3 (Groundball, 6, EV 75 MPH)
Rowdy Tellez to second
Batting: RHB Tim Stevenson 0-0: Ball
1-0: Foul Ball, location: 2F
1-1: Ball
2-1: Ball
3-1: Called Strike
3-2: Strikes out swinging
Bottom of the 2nd over - 0 runs, 1 hit, 0 errors, 1 left on base; San Diego 0 - Colorado 0
TOP OF THE 3RD
San Diego Padres batting - Pitching for Colorado Rockies : RHP John Gant
Batting: RHB Jorge Gordon 0-0: Ball
1-0: Called Strike
1-1: Foul Ball, location: 2F
1-2: Ball
2-2: Foul Ball, location: 7LDF
2-2: Ball
3-2: SINGLE (Line Drive, 9LS, EV 91 MPH)
Batting: LHB Jamal Underwood 0-0: Called Strike
0-1: Foul Ball, location: 2F
0-2: Ball
1-2: Ball
2-2: Foul Ball, location: 5FF
2-2: Ball
3-2: Ground out U3 (Groundball, 3S, EV 71 MPH)
Jorge Gordon to second
Batting: RHB Greg Nelson 0-0: Ball
1-0: Called Strike
1-1: Called Strike
1-2: Foul Ball, location: 2F
1-2: Strikes out swinging
Batting: SHB Tim McDaniel 0-0: Ball
1-0: Fly out, F9 (Flyball, 89M, EV 85 MPH)
Top of the 3rd over - 0 runs, 1 hit, 0 errors, 1 left on base; San Diego 0 - Colorado 0
BOTTOM OF THE 3RD
Colorado Rockies batting - Pitching for San Diego Padres : RHP Mayky Perez
Batting: RHB Ed Mann 0-0: Ball
1-0: Foul Ball, location: 9LMF
1-1: Swinging Strike
1-2: Fly out, F4 (Popup, 23, EV 48 MPH)
Batting: RHB Sancho Acosta 0-0: Fly out, F8 (Flyball, 78D, EV 98 MPH)
Batting: SHB Juan Moreno 0-0: Ball
1-0: Called Strike
1-1: Ground out 4-3 (Groundball, 4S, EV 62 MPH)
Bottom of the 3rd over - 0 runs, 0 hits, 0 errors, 0 left on base; San Diego 0 - Colorado 0
TOP OF THE 4TH
San Diego Padres batting - Pitching for Colorado Rockies : RHP John Gant
Batting: LHB Jeff Young 0-0: Ball
1-0: Foul Ball, location: 2F
1-1: Ball
2-1: Ball
3-1: Foul Ball, location: 5FF
3-2: Foul Ball, location: 3SF
3-2: Fly out, F5 (Line Drive, 5, EV 80 MPH)
Batting: RHB C.J. Cron 0-0: Foul Ball, location: 9LMF
0-1: Swinging Strike
0-2: Ball
1-2: Strikes out swinging
Batting: LHB Jonathan Arauz 0-0: Called Strike
0-1: Ball
1-1: Ball
2-1: Ball
3-1: Swinging Strike
3-2: Fly out, F3 (Popup, 3S, EV 54 MPH)
Top of the 4th over - 0 runs, 0 hits, 0 errors, 0 left on base; San Diego 0 - Colorado 0
BOTTOM OF THE 4TH
Colorado Rockies batting - Pitching for San Diego Padres : RHP Mayky Perez
Batting: RHB Joe Hill 0-0: Reached on error, E6 (Groundball, 6S, EV 80 MPH)
Batting: RHB Christian Walker 0-0: Called Strike
0-1: Ball
1-1: Foul Ball, location: 2F
1-2: Ball
2-2: Ball
3-2: Fly out, F7 (Flyball, 7LD, EV 99 MPH)
Batting: LHB Rowdy Tellez 0-0: Called Strike
0-1: Ball
1-1: Grounds into double play, U3-6 (Groundball, 3L, EV 111 MPH)
Bottom of the 4th over - 0 runs, 0 hits, 1 error, 0 left on base; San Diego 0 - Colorado 0
TOP OF THE 5TH
San Diego Padres batting - Pitching for Colorado Rockies : RHP John Gant
Batting: RHB Jorge Zaragoza 0-0: Foul Ball, location: 2F
0-1: Ground out 6-3 (Groundball, 6S, EV 78 MPH)
Batting: SHB Nelson Jorge 0-0: Ball
1-0: Ball
2-0: Called Strike
2-1: Swinging Strike
2-2: Strikes out swinging
Batting: RHB Jorge Gordon 0-0: Foul Ball, location: 7LDF
0-1: Foul Ball, location: 3DF
0-2: Ground out 4-3 (Groundball, 4MD, EV 95 MPH)
Top of the 5th over - 0 runs, 0 hits, 0 errors, 0 left on base; San Diego 0 - Colorado 0
BOTTOM OF THE 5TH
Colorado Rockies batting - Pitching for San Diego Padres : RHP Mayky Perez
Batting: LHB Tony Parker 0-0: Called Strike
0-1: Called Strike
0-2: Ground out 4-3 (Groundball, 4S, EV 74 MPH)
Batting: RHB Bob Bowen 0-0: DOUBLE (Line Drive, 7D, EV 94 MPH)
Batting: RHB Tim Stevenson 0-0: Ball
1-0: Fly out, F3 (Line Drive, 3, EV 84 MPH)
Batting: RHB Ed Mann 0-0: Ball
1-0: Swinging Strike
1-1: Foul Ball, location: 2RF
1-2: Ball
2-2: Ball
3-2: Base on Balls
Batting: RHB Sancho Acosta 0-0: Ball
1-0: Ground out 5-3 (Groundball, 5S, EV 56 MPH)
Bottom of the 5th over - 0 runs, 1 hit, 0 errors, 2 left on base; San Diego 0 - Colorado 0
TOP OF THE 6TH
San Diego Padres batting - Pitching for Colorado Rockies : RHP John Gant
Batting: LHB Jamal Underwood 0-0: Ball
1-0: Foul Ball, location: 2F
1-1: Ball
2-1: SOLO HOME RUN (Flyball, 9LD, EV 118 MPH), Distance : 356 ft
Batting: RHB Greg Nelson 0-0: Called Strike
0-1: Ball
1-1: DOUBLE (Line Drive, 9LM, EV 86 MPH)
Batting: SHB Tim McDaniel 0-0: Called Strike
0-1: Ball
1-1: Ball
2-1: Foul Ball, location: 5FF
2-2: Strikes out swinging
Pitching: RHP Rory Turner
Batting: LHB Jeff Young 0-0: Ball
1-0: Foul Ball, location: 2F
1-1: Foul Ball, location: 2F
1-2: Ball
2-2: Strikes out swinging
Batting: RHB C.J. Cron 0-0: Foul Ball, location: 3F
0-1: Foul Ball, location: 5DF
0-2: Ball
1-2: Ground out 1-3 (Groundball, P, EV 109 MPH)
Top of the 6th over - 1 run, 2 hits, 0 errors, 1 left on base; San Diego 1 - Colorado 0
BOTTOM OF THE 6TH
Colorado Rockies batting - Pitching for San Diego Padres : RHP Mayky Perez
Batting: SHB Juan Moreno 0-0: Ball
1-0: Ball
2-0: Called Strike
2-1: Ball
3-1: Fly out, F9 (Line Drive, 9D, EV 81 MPH)
Batting: RHB Joe Hill 0-0: Foul Ball, location: 5F
0-1: Ground out 1-3 (Groundball, 15S, EV 50 MPH)
Batting: RHB Christian Walker 0-0: Ball
1-0: Foul Ball, location: 2F
1-1: Ball
2-1: Ball
3-1: Foul Ball, location: 25F
3-2: SINGLE (Line Drive, 7, EV 93 MPH)
Batting: LHB Rowdy Tellez 0-0: Swinging Strike
0-1: Ball
1-1: Swinging Strike
1-2: Ball
2-2: Ball
3-2: Ground out U3 (Groundball, 34S, EV 86 MPH)
Bottom of the 6th over - 0 runs, 1 hit, 0 errors, 1 left on base; San Diego 1 - Colorado 0
TOP OF THE 7TH
San Diego Padres batting - Pitching for Colorado Rockies : RHP Rory Turner
Pitching: RHP Anderson Espinoza
Batting: LHB Jonathan Arauz 0-0: Swinging Strike
0-1: Ball
1-1: SINGLE (Groundball, 34, EV 95 MPH) (infield hit)
Batting: RHB Jorge Zaragoza 0-0: Foul Ball, location: 2F
0-1: Swinging Strike
0-2: Strikes out swinging
Batting: SHB Nelson Jorge 0-0: Swinging Strike
0-1: Ball
1-1: Foul Ball, location: 7LMFF
1-2: Ball
2-2: Foul Ball, location: 2F
2-2: Ball
3-2: Ground out 6-3 (Groundball, 6S, EV 51 MPH)
Jonathan Arauz to second
Batting: RHB Jorge Gordon 0-0: Called Strike
0-1: Ball
1-1: Ball
2-1: Ball
3-1: Called Strike
3-2: Strikes out swinging
Top of the 7th over - 0 runs, 1 hit, 0 errors, 1 left on base; San Diego 1 - Colorado 0
BOTTOM OF THE 7TH
Colorado Rockies batting - Pitching for San Diego Padres : RHP Mayky Perez
Batting: LHB Tony Parker 0-0: Foul Ball, location: 9LDF
0-1: Ball
1-1: Ball
2-1: SINGLE (Line Drive, 78S, EV 100 MPH)
Batting: RHB Bob Bowen 0-0: Swinging Strike
0-1: Swinging Strike
0-2: Strikes out swinging
Batting: RHB Tim Stevenson 0-0: Called Strike
0-1: Foul Ball, location: 2F
0-2: Ball
1-2: Ball
2-2: Ground out 4-3 (Groundball, 4S, EV 67 MPH)
Tony Parker to second
Batting: RHB Ed Mann 0-0: Called Strike
0-1: Ball
1-1: Ball
2-1: Ground out 6-3 (Groundball, 56, EV 94 MPH)
Bottom of the 7th over - 0 runs, 1 hit, 0 errors, 1 left on base; San Diego 1 - Colorado 0
TOP OF THE 8TH
San Diego Padres batting - Pitching for Colorado Rockies : RHP Anderson Espinoza
Batting: LHB Jamal Underwood 0-0: Called Strike
0-1: SINGLE (Groundball, 4D, EV 95 MPH)
Batting: RHB Greg Nelson 0-0: Sac Bunt to 3S - play at first, batter OUT! 3-1
Jamal Underwood to second
Batting: SHB Tim McDaniel 0-0: Called Strike
0-1: SINGLE (Groundball, 34D, EV 90 MPH)
Jamal Underwood to third
Batting: LHB Jeff Young 0-0: Swinging Strike
0-1: Ball
1-1: Called Strike
1-2: Ball
2-2: Foul Ball, location: 7LSF
2-2: SINGLE (Groundball, 6MD, EV 93 MPH)
Jamal Underwood scores
Tim McDaniel to second
Batting: RHB C.J. Cron 0-0: Swinging Strike
0-1: Swinging Strike
0-2: Ball
1-2: SINGLE (Line Drive, 78M, EV 81 MPH)
Tim McDaniel to third
Jeff Young to second
Pitching: LHP Dave Evans
Batting: LHB Jonathan Arauz 0-0: Ball
1-0: Ball
2-0: Ball
3-0: Called Strike
3-1: Called Strike
3-2: SINGLE (Groundball, 6MD, EV 78 MPH)
Tim McDaniel scores
Jeff Young to third
C.J. Cron to second
Batting: RHB Jorge Zaragoza 0-0: SINGLE (Line Drive, 89S, EV 91 MPH)
Jeff Young scores
C.J. Cron to third
Jonathan Arauz to second
Batting: SHB Nelson Jorge 0-0: Swinging Strike
0-1: Ball
1-1: Foul Ball, location: 2LF
1-2: Foul Ball, location: 9LDF
1-2: Ball
2-2: Ball
3-2: Strikes out looking
Batting: RHB Jorge Gordon 0-0: Ball
1-0: Ball
2-0: Called Strike
2-1: Foul Ball, location: 3SF
2-2: Fly out, F3 (Line Drive, 3, EV 94 MPH)
Top of the 8th over - 3 runs, 6 hits, 0 errors, 3 left on base; San Diego 4 - Colorado 0
BOTTOM OF THE 8TH
Colorado Rockies batting - Pitching for San Diego Padres : RHP Mayky Perez
Batting: RHB Sancho Acosta 0-0: Foul Ball, location: 2F
0-1: Ball
1-1: Ground out 6-3 (Groundball, 6S, EV 79 MPH)
Batting: SHB Juan Moreno 0-0: Called Strike
0-1: Ball
1-1: Foul Ball, location: 2F
1-2: Ground out 4-3 (Groundball, 34, EV 59 MPH)
Batting: RHB Joe Hill 0-0: Swinging Strike
0-1: Ball
1-1: SINGLE (Flyball, 3D, EV 66 MPH)
Pitching: RHP Domynguos Venegas
Batting: RHB Christian Walker 0-0: Swinging Strike
0-1: Swinging Strike
0-2: Foul Ball, location: 2F
0-2: Ball
1-2: Ball
2-2: Ball
3-2: Base on Balls
Joe Hill to second
Batting: LHB Rowdy Tellez 0-0: Called Strike
0-1: Ball
1-1: Ball
2-1: Foul Ball, location: 7LSF
2-2: Foul Ball, location: 5F
2-2: Fly out, F9 (Flyball, 9, EV 84 MPH)
Bottom of the 8th over - 0 runs, 1 hit, 0 errors, 2 left on base; San Diego 4 - Colorado 0
TOP OF THE 9TH
San Diego Padres batting - Pitching for Colorado Rockies : LHP Dave Evans
Batting: LHB Jamal Underwood 0-0: Called Strike
0-1: SINGLE (Flyball, 7LS, EV 86 MPH)
Batting: RHB Greg Nelson 0-0: Called Strike
0-1: Ball
1-1: Ball
2-1: SINGLE (Line Drive, 89S, EV 85 MPH)
Jamal Underwood to second
Batting: SHB Tim McDaniel 0-0: Ball
1-0: Ball
2-0: Ball
3-0: Called Strike
3-1: SINGLE (Line Drive, 78S, EV 91 MPH)
Jamal Underwood to third
Greg Nelson to second
Batting: LHB Jeff Young 0-0: Ball
1-0: Swinging Strike
1-1: Ball
2-1: Ball
3-1: Swinging Strike
3-2: Strikes out looking
Pitching: RHP Adrián López
Batting: RHB C.J. Cron 0-0: Foul Ball, location: 9LSF
0-1: Ball
1-1: Ball
2-1: Ball
3-1: Foul Ball, location: 2F
3-2: Strikes out swinging
Batting: LHB Jonathan Arauz 0-0: Called Strike
0-1: Ball
1-1: Swinging Strike
1-2: Ball
2-2: Ball
3-2: Base on Balls
Jamal Underwood scores
Greg Nelson to third
Tim McDaniel to second
Batting: RHB Jorge Zaragoza 0-0: Ball
1-0: DOUBLE (Line Drive, 89XD, EV 96 MPH)
Greg Nelson scores
Tim McDaniel scores
Jonathan Arauz to third
Pinch Hitting: SHB Breyvic Valera 0-0: Ball
1-0: Foul Ball, location: 7LMF
1-1: Called Strike
1-2: Fly out, F9 (Line Drive, 9D, EV 80 MPH)
Top of the 9th over - 3 runs, 4 hits, 0 errors, 2 left on base; San Diego 7 - Colorado 0
BOTTOM OF THE 9TH
Colorado Rockies batting - Pitching for San Diego Padres : RHP Domynguos Venegas
Now at 1B: Breyvic Valera
Now at 2B: Jeff Young
Batting: LHB Tony Parker 0-0: Ground out U3 (Groundball, 34S, EV 53 MPH)
Batting: RHB Bob Bowen 0-0: Swinging Strike
0-1: Called Strike
0-2: Foul Ball, location: 9LSF
0-2: Ball
1-2: Foul Ball, location: 2F
1-2: Strikes out swinging
Batting: RHB Tim Stevenson 0-0: Called Strike
0-1: Swinging Strike
0-2: SINGLE (Groundball, 34D, EV 106 MPH)
Batting: RHB Ed Mann 0-0: Foul Ball, location: 2RF
0-1: Foul Ball, location: 7LDF
0-2: Ball
1-2: SINGLE (Groundball, 6MS, EV 44 MPH) (infield hit)
Tim Stevenson to second
Batting: RHB Sancho Acosta 0-0: Foul Ball, location: 2F
0-1: Swinging Strike
0-2: Ball
1-2: Ball
2-2: Fly out, F8 (Line Drive, 8RD, EV 77 MPH)
Bottom of the 9th over - 0 runs, 2 hits, 0 errors, 2 left on base; San Diego 7 - Colorado 0
Monday, September 21st , 2026 - OOTP Baseball 27.4 Build 76